 Dungeon Crawl Stone Soup version 0.29.1-1-gd02db6906a (webtiles) character file.

Game seed: 4869978984446369611

753 RogueRain17 the Destroyer (level 7, -7/46 HPs)
             Began as a Demonspawn Conjurer on Oct 2, 2022.
             Mangled by an ogre
             ... wielding a +0 giant club
              (20 damage)
             ... on level 5 of the Dungeon.
             The game lasted 00:08:10 (4676 turns).

RogueRain17 the Destroyer (Demonspawn Conjurer)     Turns: 4676, Time: 00:08:11

Health: -7/46      AC:  3    Str:  7    XL:     7   Next: 49%
Magic:  10/10      EV: 12    Int: 22    God:
Gold:   199        SH:  0    Dex: 13    Spells: 7/10 levels left

rFire   . . .      SeeInvis +   c - +1 dagger (elec)
rCold   . . .      Faith    .   (no shield)
rNeg    . . .      Spirit   .   a - +1 robe
rPois   .          Reflect  .   (no helmet)
rElec   .          Harm     .   (no cloak)
rCorr   .          Rampage  .   (no gloves)
Will    .....                   (no boots)
Stlth   +++.......              (no amulet)
HPRegen 0.15/turn               g - ring of see invisible
MPRegen 0.12/turn               (no ring)

@: no status effects
A: thin skeletal structure 1, spiny 1, demonic touch 1
a: no special abilities


You were on level 5 of the Dungeon.
You visited 1 branch of the dungeon, and saw 5 of its levels.

You collected 199 gold pieces.

Inventory:

Hand Weapons
 c - a +1 dagger of electrocution (weapon)
Armour
 a - a +1 robe (worn)
Jewellery
 g - a ring of see invisible (left hand)
Wands
 l - a wand of polymorph (8)
Scrolls
 d - a scroll of magic mapping {unknown}
 f - a scroll of fog {unknown}
 j - a scroll of teleportation
 k - a scroll of amnesia {unknown}
 m - a scroll of enchant armour
 o - 5 scrolls of identify {unknown}
 p - a scroll of acquirement {unknown}
 q - a scroll of noise {unknown}
 r - 3 scrolls of poison
Potions
 b - 2 potions of magic
 e - a potion of mutation {unknown}
 h - 2 potions of berserk rage {unknown}
 i - a potion of haste {unknown}
 n - 2 potions of cancellation {unknown}


   Skills:
 + Level 1.8 Short Blades
 - Level 1.7 Dodging
 - Level 1.7 Stealth
 - Level 2.0 Spellcasting
 + Level 9.0 Conjurations


You had 7 spell levels left.
You knew the following spells:

 Your Spells              Type           Power      Damage    Failure   Level
a - Magic Dart            Conj           100%       1d8       1%          1
b - Searing Ray           Conj           84%        2d7       1%          2

Your spell library contained the following spells:

 Spells                   Type           Power      Damage    Failure   Level
 Dazzling Flash           Conj/Hex       44%        N/A       6%          3
 Fulminant Prism          Conj/Hex       11%        3d9       22%         4
 Iskenderun's Mystic Bla  Conj/Tloc      22%        2d6       22%         4


Dungeon Overview and Level Annotations

Branches:
Dungeon (5/15)
 Temple: D:4-7

Altars:

Shops:
D:4 !


Innate Abilities, Weirdness & Mutations

You have a somewhat thin skeletal structure. (Dex +2, Stealth+)
You are partially covered in sharp spines.
Your touch may inflict minor irresistible damage on your foes.


Message History

You hear the slow rusting of a very distant drain.
You hear the slow rusting of a very distant drain.
HP restored.
Blork the orc comes into view.
He is wielding a +0 glaive.
Blork the orc shouts!
Blork the orc barely misses you.
Found a quarterstaff.
Blork the orc gestures at you while chanting.
The magic dart hits you.
You barely miss Blork the orc. Blork the orc is struck by your spines.
Blork the orc barely misses you.
You hit Blork the orc but do no damage.
You touch Blork the orc!
Blork the orc is heavily wounded.
You hit Blork the orc.
Blork the orc is severely wounded.
Blork the orc miscasts a cantrip.
You barely miss Blork the orc. Your touch misses Blork the orc.
Blork the orc is severely wounded.
Blork the orc points at you and mumbles some strange words.
The magic dart hits you.
You hit Blork the orc.
Blork the orc is severely wounded.
Blork the orc barely misses you.
An ogre comes into view. It is wielding a +0 giant club.
The ogre shouts!
You hit Blork the orc.
Lightning courses through Blork the orc!!
You kill Blork the orc!
Your Conjurations skill increases to level 9!
The ogre hits you with a +0 giant club!!
Ouch! That really hurt!
* * * LOW HITPOINT WARNING * * *
Things that are here:
a +0 glaive; a +0 robe
Aiming: Polymorph
Press: ? - help, Shift-Dir - straight line, f - ogre
Aim: an ogre, wielding a +0 giant club (will become a giant cockroach, an ice beast, or a scorpion, chance to affect: 49%)
The ogre resists with some effort.
The ogre hits you with a +0 giant club!!
You die...

####.........#
.............+
...<.........#
####.........#
#.........######
#†.............#
#..............#
#..............######
#............@..?..).
##############O######
.# .# .# .. .# .#


You could see an ogre.

Vanquished Creatures
  Grinder (D:4)
  An ice beast (D:5)
  A sky beast (D:4)
  Blork the orc (D:5)
  A jelly (D:4)
  2 orc priests
  An iguana (D:5)
  Natasha (thrice) (D:2)
  An orc wizard (D:4)
  2 adders
  An ufetubus (D:4)
  A worm (D:2)
  2 dart slugs
  6 orcs
  7 endoplasms
  4 giant cockroaches
  2 goblins
  9 hobgoblins
  8 jackals
  7 kobolds
  3 quokkas
  6 ball pythons
  9 bats
  2 frilled lizards
  6 rats
87 creatures vanquished.

Notes
Turn   | Place    | Note
-------+----------+-------------------------------------------
     0 | D:1      | RogueRain17 the Demonspawn Conjurer began the quest for the
                  | Orb.
     0 | D:1      | Reached XP level 1. HP: 13/13 MP: 3/3
   313 | D:1      | Gained mutation: Your touch may inflict minor irresistible
                  | damage on your foes. [demonic ancestry]
   313 | D:1      | Reached XP level 2. HP: 19/19 MP: 3/5
   754 | D:1      | Learned a level 2 spell: Searing Ray
   973 | D:1      | Reached skill level 5 in Conjurations
   988 | D:1      | Gained mutation: You have a somewhat thin skeletal
                  | structure. (Dex +2, Stealth+) [demonic ancestry]
   988 | D:1      | Reached XP level 3. HP: 19/24 MP: 1/6
  1281 | D:2      | Noticed Natasha
  1294 | D:2      | Killed Natasha
  1465 | D:2      | Reached XP level 4. HP: 21/30 MP: 7/7
  1724 | D:2      | Noticed Natasha
  1729 | D:2      | Killed Natasha
  1730 | D:2      | Reached skill level 6 in Conjurations
  1746 | D:2      | Noticed Natasha
  1794 | D:2      | Killed Natasha
  2365 | D:3      | Gained mutation: You are partially covered in sharp spines.
                  | [demonic ancestry]
  2365 | D:3      | Reached XP level 5. HP: 35/35 MP: 5/8
  3348 | D:4      | Found Feacy's Distillery.
  3390 | D:4      | Reached skill level 7 in Conjurations
  3398 | D:4      | Noticed Grinder
  3411 | D:4      | Killed Grinder
  3412 | D:4      | Reached skill level 8 in Conjurations
  3412 | D:4      | Reached XP level 6. HP: 8/41 MP: 4/9
  3674 | D:4      | Noticed a sky beast
  3985 | D:4      | Killed a sky beast
  3986 | D:4      | Reached XP level 7. HP: 14/46 MP: 10/10
  4477 | D:5      | Entered Level 5 of the Dungeon
  4496 | D:5      | Reached skill level 1 in Short Blades
  4665 | D:5      | Noticed Blork the orc
  4674 | D:5      | Killed Blork the orc
  4675 | D:5      | Reached skill level 9 in Conjurations
  4676 | D:5      | Mangled by an ogre

Illustrated notes

Levels and vault maps discovered:
D:1:      tarquinn_simple_flora_water_f, layout_loops_cross,
          corexii_item_surrounded_by_moat
D:2:      layout_loops_ring, kennysheep_small_spiral, serial_bayou_pond_d,
          uniq_natasha
D:3:      layout_loops_ring
D:4:      layout_basic, serial_shops, shop, uniq_grinder
D:5:      lemuel_castle_with_subvaults [lemuel_castle_interior_carwin_1],
          layout_basic, cheibrodos_sewer_entry_bend, chequers_decorated_corner,
          uniq_ijyb, uniq_blork_the_orc, uniq_eustachio

Skill      XL: |  1  2  3  4  5  6  7 |
---------------+----------------------+-----
Conjurations   | 5 6 8 9 |  9.0
Short Blades   | 1 |  1.8
Dodging        | |  1.7
Stealth        | |  1.7
Spellcasting   | |  2.0

Action                   |  1- 3 |  4- 6 |  7- 9 || total
-------------------------+-------+-------+-------++-------
Melee: Dagger            |    53 |    59 |    11 ||   123
       Touch             |     2 |     7 |     5 ||    14
       Punch             |       |     1 |       ||     1
 Cast: Magic Dart        |    37 |    44 |       ||    81
       Searing Ray       |       |     1 |       ||     1
Evoke: Wand              |       |       |     1 ||     1
  Use: Scroll            |       |     4 |       ||     4
 Stab: Sleeping          |     2 |     5 |     1 ||     8
Armor: Robe              |     2 |     9 |       ||    11
Dodge: Dodged            |    42 |    32 |     4 ||    78
